 Dungeon Crawl Stone Soup version 0.20.1-1-g8b1a95d (webtiles) character file.

183 doot the Sneak (level 5, 0/35 HPs)
             Began as an Octopode Assassin on Aug 17, 2017.
             Succumbed to a kobold's poison
             ... on level 3 of the Dungeon.
             The game lasted 00:10:13 (3713 turns).

doot the Sneak (Octopode Assassin)                  Turns: 3713, Time: 00:10:14

Health: 0/35       AC:  1    Str: 10    XL:     5   Next: 62%
Magic:  5/5        EV: 13    Int: 18    God:
Gold:   102        SH:  0    Dex: 15    Spells: 4/4 levels left

rFire    . . .     SeeInvis .   v - +2 dagger (speed)
rCold    . . .     Gourm    .   (no shield)
rNeg     . . .     Faith    .   (helmet restricted)
rPois    .         Spirit   .   (no amulet)
rElec    .         Reflect  .   (no ring)
rCorr    .         Harm     .   (no ring)
MR       .....                  (no ring)
Stlth    +++++.....             (no ring)
Regen    0.2/turn               (no ring)
MPRegen  0.1/turn               (no ring)
                                (no ring)
                                (no ring)

@: brilliant, lethally poisoned (0 -> -27)
A: almost no armour, stealthy swim, amphibious, 8 rings, constrict 8, camouflage
1, gelatinous body 1
a: no special abilities


You were on level 3 of the Dungeon.
You were hungry.

You visited 1 branch of the dungeon, and saw 3 of its levels.

You collected 102 gold pieces.

Inventory:

Hand Weapons
 a - a +2 dagger
 b - a +0 blowgun
 p - a cursed +0 spear
 t - a +0 dagger of protection
 v - a +2 dagger of speed (weapon)
 D - a +1 falchion of protection
Missiles
 c - 8 poisoned needles
 d - 2 curare-tipped needles
Jewellery
 n - an uncursed ring of magical power {unknown}
Scrolls
 l - 5 scrolls of identify {unknown}
 m - a scroll of fog {unknown}
 o - 2 scrolls of magic mapping {unknown}
 w - 3 scrolls of remove curse {unknown}
 x - a scroll of random uselessness {unknown}
 y - a scroll of blinking {unknown}
 z - a scroll of teleportation {unknown}
 B - 3 scrolls of amnesia {unknown}
 C - a scroll of enchant weapon {unknown}
 E - a scroll of enchant armour {unknown}
Potions
 e - a potion of degeneration {unknown}
 g - a potion of agility {unknown}
 h - 2 potions of brilliance
 i - 2 potions of mutation {unknown}
 j - a potion of ambrosia {unknown}
 k - a potion of curing {unknown}
 q - a potion of lignification {unknown}
 s - a potion of haste {unknown}
 A - a potion of invisibility {unknown}
Comestibles
 f - 4 bread rations
 r - 3 meat rations
 u - a royal jelly


   Skills:
 + Level 2.6 Fighting
 + Level 3.4 Short Blades
 + Level 2.0 Throwing
 + Level 1.4 Dodging
 + Level 7.7 Stealth


You had 4 spell levels left.
You didn't know any spells.

Dungeon Overview and Level Annotations

Branches:
Dungeon (3/15)

Altars:
Cheibriados
Fedhas
Trog

Annotations:
D:1 exclusion: downstairs


Innate Abilities, Weirdness & Mutations

You cannot wear most types of armour.
You are very stealthy in the water. (Stealth+)
You are amphibious.
You can wear up to eight rings at the same time.
You can use your tentacles to constrict eight enemies at once.
Your skin changes colour to match your surroundings (Stealth+).
Your rubbery body absorbs attacks. (AC +1, EV +1)


Message History

The leopard gecko bites the bush but does no damage.
The leopard gecko bites the bush.
The kobold closely misses you.
You hit the kobold but do no damage. You constrict the kobold. x2
You feel sick.
You hit the kobold but do no damage. You squeeze the kobold.
You kill the kobold!
You constrict the kobold.
* * * LOW HITPOINT WARNING * * *
You feel sick.
The leopard gecko bites the bush.
The kobold hits you with a whip.
* * * LOW HITPOINT WARNING * * *
The kobold throws a stone.
The stone barely misses you.
The kobold hits you with a whip of venom.
* * * LOW HITPOINT WARNING * * *
You are more poisoned.
It was a potion of brilliance.
You feel clever all of a sudden.
You constrict the kobold.
You kill the kobold!
You die...

...........## #...........
.......#...##P#.l.PP♣#.......#...
.#.........#♣PPll.PP #...........
...........#♣PP###P###.......#.##
...........##PP...PP##...##..#.#
.#....###..#♣P÷....P♣#...##.>#.#
.#)........#P.......♣#..)##..#.#
.#.........#♣.÷.§K.≈♣#...##..#.#
.#....###..#♣.÷)@.?.P##..##..#.#
.#.........#♣P..)(KPP##..##.##.##
.).........#♣##...PP♣#...........
...........# PPP.PP#♣#...##......
.#.#..###..#####(###########.#.##
..............##.# #.# #.....#
......####....##.####.####.....#
..>.............(..............#
.#.#................#.####.....#


You could see 3 leopard geckos and 2 kobolds.

Vanquished Creatures
  An orc priest (D:3)
  6 adders
  A worm (D:2)
  4 dart slugs
  11 orcs (D:3)
  8 bats (D:2)
  A giant cockroach (D:1)
  10 hobgoblins
  4 jackals (D:2)
  10 kobolds
  A quokka (D:2)
  3 ball pythons
  5 frilled lizards
  6 goblins
  6 rats
77 creatures vanquished.

Notes
Turn   | Place    | Note
-------+----------+-------------------------------------------
     0 | D:1      | doot the Octopode Assassin began the quest for the Orb.
     0 | D:1      | Reached XP level 1. HP: 14/14 MP: 1/1
   315 | D:1      | Reached XP level 2. HP: 14/19 MP: 2/2
   620 | D:1      | Reached skill level 6 in Stealth
   732 | D:1      | Reached XP level 3. HP: 14/24 MP: 3/3
  1361 | D:2      | Reached XP level 4. HP: 26/29 MP: 4/4
  1789 | D:2      | Found a bloodstained altar of Trog.
  1791 | D:2      | Found a blossoming altar of Fedhas.
  1888 | D:2      | Reached skill level 7 in Stealth
  2484 | D:3      | Found a snail-covered altar of Cheibriados.
  2583 | D:3      | Reached XP level 5. HP: 35/35 MP: 5/5
  3712 | D:3      | HP: 1/35 [kobold/whip of venom (3)]
  3713 | D:3      | Succumbed to a kobold's poison

Skill      XL: |  1  2  3  4 |
---------------+-------------+-----
Stealth        | 6 7 |  7.7
Short Blades   | 3 |  3.4
Fighting       | |  2.6
Throwing       | |  2.0
Dodging        | |  1.4

Action                   |  1- 3 |  4- 6 || total
-------------------------+-------+-------++-------
Melee: Dagger            |    59 |   104 ||   163
       Constrict         |    17 |    27 ||    44
       Tentacles         |    12 |    27 ||    39
  Use: Potion            |       |     1 ||     1
 Stab: Sleeping          |     5 |    16 ||    21
       Distracted        |       |     1 ||     1
  Eat: Meat ration       |     1 |       ||     1
       Chunk             |       |     3 ||     3
Armor: Skin              |     6 |     5 ||    11
Dodge: Dodged            |    27 |    47 ||    74
